 Dungeon Crawl Stone Soup version 0.30-a0-141-g30f27751c5 (webtiles) character file.

Game seed: 10915394710896186949

1187 Angani the Martial Artist (level 9, -1/76 HPs)
             Began as a Meteoran Transmuter on Sept 25, 2022.
             Was a Believer of Ru.
             Slain by a gnoll
             ... wielding a +0 flail
             ... led by a gnoll sergeant
              (10 damage)
             ... on level 6 of the Dungeon.
             The game lasted 00:19:45 (2347 turns).

Angani the Martial Artist (Meteoran Transmuter)     Turns: 2347, Time: 00:19:46

Health: -1/76      AC:  7    Str: 12    XL:     9   Next: 2%
Magic:  13/15      EV: 10    Int: 20    God:    Ru [**....]
Gold:   49         SH:  0    Dex: 14    Spells: 5/15 levels left

rFire   x . .      SeeInvis .      - Unarmed
rCold   + + +      Faith    .    (shield currently unavailable)
rNeg    . . .      Spirit   .    (body armour currently unavailable)
rPois   +          Reflect  .    (helmet currently unavailable)
rElec   .          Harm     .    (cloak currently unavailable)
rCorr   .          Rampage  .    (gloves currently unavailable)
Will    +....                    (boots currently unavailable)
Stlth   +.........               (no amulet)
HPRegen 0.00/turn                (no ring)
MPRegen 0.14/turn                (no ring)

@: ice-form, wereblooded, inhibited regen, glowing
A: freezing attack, amphibious, boosted hp, large, sense surroundings 2,
inhibited regeneration, inability to train armour, otherworldly, glowing,
explore regen
a: End Transformation, Renounce Religion


You were on level 6 of the Dungeon.
You worshipped Ru.
Ru was pleased with you.
You were a creature of crystalline ice.
You visited 1 branch of the dungeon, and saw 6 of its levels.

You collected 273 gold pieces.
You spent 224 gold pieces at shops.

Inventory:

Armour
 a - a +0 robe (melded)
 b - a +0 kite shield
 j - a scarf of shadows
 m - a +2 cloak (melded)
 q - a +1 pair of gloves (melded)
Magical Staves
 o - a staff of fire
Wands
 g - a wand of flame (7)
 t - a wand of iceblast (10)
Scrolls
 c - 2 scrolls of immolation
 d - 5 scrolls of teleportation
 i - a scroll of torment
 k - 2 scrolls of vulnerability
Potions
 f - a potion of cancellation {unknown}
 h - 3 potions of resistance {unknown}
 l - 2 potions of heal wounds {unknown}
 n - 4 potions of curing {unknown}
 p - a potion of ambrosia {unknown}
 r - a potion of flight {unknown}


   Skills:
 - Level 1.1 Fighting
 - Level 2.4 Dodging
 * Level 8.4 Unarmed Combat
 - Level 3.5 Spellcasting
 + Level 5.7 Transmutations
 + Level 4.0 Ice Magic
 + Level 4.7 Poison Magic


You had 5 spell levels left.
You knew the following spells:

 Your Spells              Type           Power      Damage    Failure   Level
a - Beastly Appendage     Tmut           52%        N/A       1%          1
b - Wereblood             Tmut           26%        N/A       1%          2
c - Spider Form           Tmut/Pois      24%        N/A       4%          3
d - Ice Form              Ice/Tmut       23%        N/A       19%         4

Your spell library contained the following spells:

 Spells                   Type           Power      Damage    Failure   Level
 Ignite Poison            Fire/Tmut/Pois 17%        N/A       10%         3
 Mephitic Cloud           Conj/Pois/Air  9%         N/A       22%         3
 Dazzling Flash           Conj/Hex       6%         N/A       38%         3
 Iskenderun's Mystic Bla  Conj/Tloc      3%         2d3       80%         4
 Freezing Cloud           Conj/Ice/Air   4%         6-21      91%         5
 Starburst                Conj/Fire      1%         6d3       100%        6


Dungeon Overview and Level Annotations

Branches:
Dungeon (6/15) Zot: 1290   Temple (0/1) D:5

Altars:
Ashenzari
Hepliaklqana
Nemelex Xobeh
Ru
Sif Muna
Vehumet
Xom

Shops:
D:6 [


Innate Abilities, Weirdness & Mutations

You are a creature of crystalline ice.
You have a powerful freezing melee attack.
You are amphibious.
Your maximum health is increased.
Your armour is entirely melded.
You are incapable of wielding weapons or throwing items.
You passively map the area around you.
You do not regenerate when monsters are visible.
You cannot train Armour skill.
You are easily found by Zot.
You glow in the dark.
You regain HP and MP as you explore.


Message History

The gnoll sergeant hits you from afar with a +0 spear.
The gnoll is stunned by your conviction and fails to attack.
You completely miss the gnoll.
The gnoll hits you from afar with a +0 spear.
The gnoll sergeant hits you but does no damage.
The gnoll hits you with a +0 club.
You punch the gnoll! You freeze the gnoll.
You feel a bit better.
You kill the gnoll!
The gnoll sergeant hits you from afar with a +0 spear.
The gnoll hits you from afar with a +0 halberd.
The gnoll hits you with a +0 club. The gnoll barely misses you.
You hit the gnoll. You freeze the gnoll.
The gnoll is heavily wounded.
The gnoll sergeant closely misses you. The gnoll hits you but does no damage.
The gnoll hits you from afar with a +0 spear.
The gnoll hits you with a +0 club.
You completely miss the gnoll.
The gnoll is heavily wounded.
The gnoll hits you but does no damage.
The gnoll hits you from afar with a +0 halberd.
The gnoll hits you with a +0 club.
The gnoll sergeant hits you from afar with a +0 spear!
You punch the gnoll! You freeze the gnoll.
You feel a bit better.
You kill the gnoll!
The gnoll sergeant hits you with a +0 spear.
The gnoll hits you with a +0 halberd! The gnoll barely misses you.
You redirect Menkaure's attack!
Menkaure closely misses you.
You pummel Menkaure!! You freeze Menkaure.
Menkaure is almost destroyed.
The gnoll sergeant barely misses you.
The gnoll hits you from afar with a +0 spear.
* * * LOW HITPOINT WARNING * * *
Menkaure hits you!
* * * LOW HITPOINT WARNING * * *
You punch Menkaure! You freeze Menkaure.
You feel a bit better.
You destroy Menkaure!
The gnoll closely misses you. The phantom closely misses you.
The gnoll hits you but does no damage. The gnoll hits you with a +0 flail!
You die...

*#.# ##.##
####
#.###...######
*
*#............
#.........#..,
, #.....#####
, * #....## #
#....# * , *..
##.)W######
,,,..
#.Yg)......* *
#.ggg...###*
##.....## ,
#....## *
#.....#
#.....#* *
#...... * *
........ , * ,
, ,, ,


You could see a phantom, a gnoll sergeant and 3 gnolls.

Vanquished Creatures
  Sigmund (D:6)
  Menkaure (D:6)
  A black bear (D:5)
  An ogre (D:5)
  An ice beast (D:4)
  2 centaurs (D:5)
  A gnoll sergeant (D:5)
  4 hounds
  A jelly (D:5)
  A gnoll bouda (D:6)
  An iguana (D:4)
  14 gnolls
  9 adders
  A shadow imp (D:6)
  2 ufetubi (D:5)
  4 dart slugs
  3 orcs
  5 endoplasms
  5 giant cockroaches
  10 goblins
  3 hobgoblins
  7 jackals (D:1)
  4 kobolds
  4 quokkas
  5 ball pythons (D:2)
  8 bats
  5 frilled lizards
  5 rats
109 creatures vanquished.

Vanquished Creatures (others)
  3 plants (D:1)
  5 withered plants (D:1)
8 creatures vanquished.

Grand Total: 117 creatures vanquished

Notes
Turn   | Place    | Note
-------+----------+-------------------------------------------
     0 | D:1      | Angani the Meteoran Transmuter began the quest for the Orb.
     0 | D:1      | Reached XP level 1. HP: 16/16 MP: 5/5
    35 | D:1      | Found a faded altar of an unknown god.
    65 | D:1      | Prayed at the altar of an unknown god.
    65 | D:1      | Became a worshipper of Ru the Awakened
    89 | D:1      | Gained mutation: You do not regenerate when monsters are
                  | visible. [Ru sacrifice]
    92 | D:1      | Reached XP level 2. HP: 13/23 MP: 4/6
    97 | D:1      | Reached skill level 4 in Unarmed Combat
   183 | D:1      | Reached XP level 3. HP: 23/28 MP: 8/8
   203 | D:1      | Learned a level 2 spell: Wereblood
   207 | D:1      | Learned a level 3 spell: Spider Form
   283 | D:1      | Reached XP level 4. HP: 34/35 MP: 5/9
   312 | D:1      | Reached skill level 1 in Poison Magic
   515 | D:2      | Reached XP level 5. HP: 18/40 MP: 11/11
   550 | D:2      | Reached skill level 5 in Unarmed Combat
   557 | D:2      | Learned a level 4 spell: Ice Form
   883 | D:3      | Found a broken altar of Ashenzari.
  1069 | D:3      | Found a hazy altar of Hepliaklqana.
  1146 | D:4      | Noticed an ice beast
  1226 | D:4      | Killed an ice beast
  1227 | D:4      | Reached skill level 1 in Ice Magic
  1227 | D:4      | Reached XP level 6. HP: 47/47 MP: 12/12
  1335 | D:4      | Reached skill level 6 in Unarmed Combat
  1425 | D:4      | Gained mutation: You cannot train Armour skill. [Ru
                  | sacrifice]
  1425 | D:4      | Reached * piety under Ru
  1425 | D:4      | Reached ** piety under Ru
  1446 | D:4      | Found a radiant altar of Vehumet.
  1530 | D:4      | Identified the +5 mace "Sanleen" {flame, Int+4 Dex+3}
  1560 | D:5      | Entered Level 5 of the Dungeon
  1582 | D:5      | Reached XP level 7. HP: 17/52 MP: 13/13
  1586 | D:5      | Found a shimmering altar of Xom.
  1607 | D:5      | Found a staircase to the Ecumenical Temple.
  1818 | D:5      | Reached skill level 7 in Unarmed Combat
  1818 | D:5      | Reached XP level 8. HP: 18/59 MP: 12/14
  1895 | D:6      | Found a shimmering blue altar of Sif Muna.
  1974 | D:5      | Reached skill level 5 in Transmutations
  2149 | D:6      | Found a sparkling altar of Nemelex Xobeh.
  2165 | D:6      | Noticed Sigmund
  2179 | D:6      | Killed Sigmund
  2180 | D:6      | Reached skill level 8 in Unarmed Combat
  2180 | D:6      | Found Megurrats's Antique Armour Boutique.
  2190 | D:6      | Bought a runed scarf for 224 gold pieces
  2247 | D:6      | Gained mutation: You passively map the area around you.
                  | [Meteoran growth]
  2247 | D:6      | Reached XP level 9. HP: 52/64 MP: 13/15
  2338 | D:6      | Noticed Menkaure
  2347 | D:6      | Killed Menkaure
  2347 | D:6      | Slain by a gnoll

Illustrated notes

Levels and vault maps discovered:
D:1:      co_arrival_random_square_maze, layout_rooms,
          shapermc_ecumenical_altar_flowoftime, minmay_box_of_dots
D:2:      layout_loops_cross, basic_altar
D:3:      minmay_chambers_of_twos, layout_basic,
          worldfamousw_hep_ancestral_shrine,
          mainiacjoe_overflow_concentric_impassable, biasface_ghost_orc_armoury
D:4:      layout_basic, nicolae_vehumet_radiance
D:5:      minmay_recursive_quarters, layout_basic,
          mainiacjoe_overflow_surrounded_room, minmay_temple_entry_water_ring,
          roderic_roman_lattice, hangedman_decor_peaks_small
D:6:      layout_layer_cave, mainiacjoe_overflow_cross_hatched,
          amcnicky_altar_gilded, serial_shops, nicolae_lakefront_shop,
          uniq_menkaure, uniq_sigmund

Skill      XL: |  1  2  3  4  5  6  7  8 |
---------------+-------------------------+-----
Unarmed Combat | 4 5 6 7 8 |  8.4
Spellcasting   | 3 |  3.5
Transmutations | 3 4 5 |  5.7
Poison Magic   | 1 2 3 4 |  4.7
Ice Magic      | 1 2 4 |  4.0
Fighting       | |  1.1
Dodging        | |  2.4

Action                   |  1- 3 |  4- 6 |  7- 9 || total
-------------------------+-------+-------+-------++-------
Melee: Unarmed           |    82 |   159 |   106 ||   347
       Punch             |     4 |     7 |     1 ||    12
       Kick              |     7 |    24 |     5 ||    36
       Headbutt          |     3 |    11 |     4 ||    18
 Cast: Beastly Appendage |     8 |    14 |     4 ||    26
       Wereblood         |     2 |     4 |     4 ||    10
       Spider Form       |       |       |     3 ||     3
       Ice Form          |       |       |     3 ||     3
Invok: Sacrifice Purity  |     1 |       |       ||     1
       Sacrifice Durabil |       |     1 |       ||     1
  Use: Scroll            |       |    10 |     2 ||    12
       Potion            |       |     2 |       ||     2
Armor: Robe              |    16 |    36 |    17 ||    69
       Skin              |       |     1 |    15 ||    16
Dodge: Dodged            |    30 |    82 |    61 ||   173

Table legend: (Time is in decaauts)
 A = Elapsed time spent in this place.
 B = Non-inter-level travel time spent in this place.
 C = Inter-level travel time spent in this place.
 D = Time resting spent in this place.
 E = Time spent auto-exploring this place.
 F = Levels seen in this place.
 G = Mean time per level.
                   A        B        C        D        E       F      G
               +--------+--------+--------+--------+--------+-----+--------+
         Total |   2309 |   2187 |    122 |      0 |      0 |   6 |  384.8 |
       Dungeon |   2309 |   2187 |    122 |      0 |      0 |   6 |  384.8 |
               +--------+--------+--------+--------+--------+-----+--------+

Top non-repeatable levels by time:
     D:5: 520 daAuts
     D:3: 446 daAuts
     D:2: 409 daAuts
     D:4: 361 daAuts
     D:1: 320 daAuts
     D:6: 250 daAuts
